 Dungeon Crawl Stone Soup version 0.24.1-1-gd1d2a07e1b (webtiles) character file.

Game seed: 12863153686553607054, levelgen mode: deterministic

395578 Heliosone the Pyromancer (level 23, -2/144 HPs)
             Began as a Tengu Fire Elementalist on Apr 9, 2020.
             Was the Champion of Vehumet.
             Killed from afar by a tengu reaver (14 damage)
             ... with a bolt of poison
             ... on level 5 of the Vaults on Apr 10, 2020.
             The game lasted 05:11:21 (90464 turns).

Heliosone the Pyromancer (Tengu Fire Elementalist) Turns: 90464, Time: 05:11:22

Health: -2/144     AC: 12    Str: 11    XL:     23   Next: 19%
Magic:  16/52      EV: 22    Int: 23    God:    Vehumet [******]
Gold:   674        SH:  8    Dex: 15    Spells: 17/52 levels left

rFire    + . .     SeeInvis .   Y - staff of wizardry
rCold    . . .     Gourm    +   z - +0 buckler
rNeg     . . .     Faith    .   L - +2 troll leather armour
rPois    .         Spirit   .   (helmet restricted)
rElec    .         Reflect  .   E - +0 cloak {rC+}
rCorr    .         Harm     .   F - +1 pair of gloves
MR       +....                  (boots unavailable)
Stlth    ++........             D - amulet of the gourmand
HPRegen  0.74/turn              n - ring of fire
MPRegen  0.33/turn              T - ring of magical power

@: lethally poisoned (-2 -> -22), very slightly contaminated, studying Dodging
A: beak, talons 3, able to fly
}: 2/15 runes: serpentine, barnacled
a: Fly, Renounce Religion


You were on level 5 of the Vaults.
You worshipped Vehumet.
Vehumet was exalted by your worship.
You were not hungry.

You visited 8 branches of the dungeon, and saw 40 of its levels.
You also visited: Ice Cave.

You collected 4564 gold pieces.
You spent 3890 gold pieces at shops.

Inventory:

Missiles
 d - 122 poisoned darts (quivered)
Armour
 l - +0 fire dragon scales
 z - a +0 buckler (worn)
 E - a +0 cloak of cold resistance (worn)
 F - a +1 pair of gloves (worn)
 L - a +2 troll leather armour (worn)
Magical Staves
 W - an uncursed staff of power
 Y - an uncursed staff of wizardry (weapon)
Jewellery
 a - an uncursed ring of protection from magic
 n - a ring of fire (left hand)
 D - an amulet of the gourmand (around neck)
 O - an uncursed amulet of magic regeneration
 P - an uncursed amulet of rage
 T - a ring of magical power (right hand)
Wands
 e - a wand of digging (5)
 K - a wand of acid (6)
 S - a wand of iceblast (18)
Scrolls
 b - 19 scrolls of remove curse
 h - a scroll of magic mapping
 j - 8 scrolls of identify
 t - 2 scrolls of enchant armour
 w - 2 scrolls of summoning
 A - 3 scrolls of blinking
 B - 21 scrolls of teleportation
 I - 7 scrolls of fear
 M - 4 scrolls of silence
Potions
 f - 16 potions of curing
 i - 2 potions of might
 m - 2 potions of heal wounds
 r - 2 potions of invisibility
 C - 2 potions of haste
 H - 3 potions of ambrosia
 J - 4 potions of cancellation
Books
 g - a manual of Dodging
Comestibles
 c - 20 rations


   Skills:
 - Level 15.0 Fighting
 + Level 14.6 Armour
 - Level 15.1 Dodging
 - Level 2.0 Stealth
 + Level 14.0 Shields
 - Level 15.0 Spellcasting
 - Level 21.1 Conjurations
   Level 1.7 Summonings
 - Level 21.2 Fire Magic


You had 17 spell levels left.
You knew the following spells:

 Your Spells              Type           Power        Failure   Level  Hunger
a - Blink                 Tloc           N/A          2%          2    None
d - Sticky Flame          Conj/Fire      ########     0%          4    None
e - Fireball              Conj/Fire      ########..   0%          5    ##.....
f - Orb of Destruction    Conj           #######...   1%          7    ######.
g - Bolt of Fire          Conj/Fire      ########..   1%          6    #####..
h - Swiftness             Chrm/Air       ###.....     2%          2    None
i - Fire Storm            Conj/Fire      ########..   8%          9    #######

Your spell library contained the following spells:

 Spells                   Type           Power        Failure   Level  Hunger
 Chain Lightning          Conj/Air       ######....   32%         8    #######
 Lehudib's Crystal Spear  Conj/Erth      ######....   32%         8    #######
 Glaciate                 Conj/Ice       ######....   98%         9    #######
 Flame Tongue             Conj/Fire      #####        0%          1    None
 Magic Dart               Conj           ####         0%          1    None
 Searing Ray              Conj           ######       0%          2    None
 Throw Flame              Conj/Fire      ######       0%          2    None
 Conjure Flame            Conj/Fire      ########     0%          3    None
 Iskenderun's Mystic Bla  Conj           #######.     0%          4    None
 Animate Skeleton         Necr           N/A          1%          1    None
 Apportation              Tloc           ###...       1%          1    None
 Confusing Touch          Hex            ###...       1%          1    None
 Infusion                 Chrm           ###.         1%          1    None
 Sandblast                Erth           ###...       1%          1    None
 Shock                    Conj/Air       ####         1%          1    None
 Summon Small Mammal      Summ           ####         1%          1    None
 Call Imp                 Summ           ####....     1%          2    None
 Throw Frost              Conj/Ice       ######       1%          2    None
 Ignite Poison            Fire/Tmut/Pois ######..     1%          3    None
 Inner Flame              Hex/Fire       #######.     1%          3    None
 Mephitic Cloud           Conj/Pois/Air  #####...     1%          3    None
 Static Discharge         Conj/Air       ######..     1%          3    None
 Force Lance              Conj/Tloc      ######..     1%          4    None
 Fulminant Prism          Conj/Hex       ######....   1%          4    None
 Throw Icicle             Conj/Ice       ######..     1%          4    None
 Bolt of Draining         Conj/Necr      ######....   1%          5    ##.....
 Bolt of Magma            Conj/Fire/Erth #######...   1%          5    ##.....
 Irradiate                Conj/Tmut      ######....   1%          5    ##.....
 Iskenderun's Battlesphe  Conj/Chrm      ######..     1%          5    ##.....
 Lightning Bolt           Conj/Air       ######....   1%          5    ##.....
 Venom Bolt               Conj/Pois      ######....   1%          5    ##.....
 Bolt of Cold             Conj/Ice       ######....   1%          6    #####..
 Iron Shot                Conj/Erth      ######....   1%          6    #####..
 Poison Arrow             Conj/Pois      ######....   1%          6    #####..
 Ignition                 Fire           ########..   1%          8    #######
 Corpse Rot               Necr           N/A          2%          2    None
 Shroud of Golubria       Chrm/Tloc      ###...       2%          2    None
 Slow                     Hex            ###.....     2%          2    None
 Sublimation of Blood     Necr           ###.......   2%          2    None
 Call Canine Familiar     Summ           ####....     2%          3    None
 Summon Guardian Golem    Hex/Summ       ###.....     3%          3    None
 Spellforged Servitor     Conj/Summ      ######....   3%          7    ######.
 Airstrike                Air            ###.......   4%          4    None
 Freezing Cloud           Conj/Ice/Air   #####.....   4%          6    #####..
 Summon Ice Beast         Ice/Summ       ###.....     12%         4    None
 Summon Lightning Spire   Summ/Air       ###.....     12%         4    None
 Animate Dead             Necr           N/A          16%         4    None
 Ice Form                 Ice/Tmut       ###.....     16%         4    None
 Petrify                  Tmut/Erth      ###.....     16%         4    None
 Agony                    Necr           ###.....     38%         5    ##.....
 Alistair's Intoxication  Tmut/Pois      ###.....     38%         5    ##.....
 Dispel Undead            Necr           ###.....     38%         5    ##.....
 Excruciating Wounds      Chrm/Necr      ###.......   38%         5    ##.....
 Metabolic Englaciation   Hex/Ice        ###.......   38%         5    ##.....
 Ozocubu's Refrigeration  Ice            ###.......   47%         6    #####..
 Hydra Form               Tmut           ###.......   91%         6    #####..
 Simulacrum               Ice/Necr       ###.......   91%         6    #####..
 Statue Form              Tmut/Erth      ###......    91%         6    #####..
 Dragon Form              Tmut           ###.......   100%        7    ######.
 Shatter                  Erth           ###.......   100%        9    #######
 Tornado                  Air            ###.......   100%        9    #######


Dungeon Overview and Level Annotations

Branches:
Dungeon (15/15)            Temple (1/1) D:7            Lair (6/6) D:10
 Shoals (4/4) Lair:2        Snake (4/4) Lair:4        Slime (0/5) Lair:5
    Orc (2/2) D:12            Elf (3/3) Orc:2        Vaults (5/5) D:13
  Crypt (0/3) Vaults:2     Depths (0/5) D:15          IceCv (visited)

Altars:
Ashenzari
Cheibriados
Dithmenos
Elyvilon
Fedhas
Gozag
Hepliaklqana
Kikubaaqudgha
Makhleb
Nemelex Xobeh
Okawaru
Qazlal
Ru
Sif Muna
Trog
Uskayaw
Vehumet
Wu Jian
Xom
Yredelemnul
Zin
The Shining One
Jiyva
Lugonu

Shops:
D:4 [   D:5 [   D:6 [   D:11 (   Orc:1 ?   Orc:2 *=(*?   Elf:1 [   Elf:2 [
Snake:1 [=}}   Snake:2 :*   Vaults:4 =

Portals:
Trove: D:10 (give +2 ice dragon scales)

Annotations:
D:8 1 transporter, Peloso's ghost, novice MiFi
D:14 exclusion: shining eye
Lair:3 exclusion: hydra
Lair:4 exclusion: 2 oklob plants
Lair:5 exclusion: oklob plant
Lair:6 2 transporters, kalodont's ghost, journeyman KoEn


Innate Abilities, Weirdness & Mutations

You have a beak for a mouth.
You have claws for feet.
You can fly continuously.


Message History

Confirm with . or Enter, or press ? or * to list all spells.
Aiming: Fire Storm (quite dangerous; 8% risk of failure)
Press: ? - help, Dir - move target cursor, f/p - tengu reaver
Aim: a tengu reaver, wielding a +1 war axe, wearing a +1 scale mail of cold resistance and wearing a +0 buckler You feel a surge of power!
A raging storm of fire appears!
The great blast of fire engulfs the tengu reaver!!!
The tengu reaver is heavily wounded.
The great blast of fire engulfs the battlesphere!!!
The battlesphere partially resists.
You destroy the battlesphere!
You feel sick.
You hear a deafening roar!
You hear a shout!
You hear an angry hiss.
You hear a shout!
You hear an angry hiss.
You hear a shout! x2
The tengu reaver is engulfed in blazing flames.
The tengu reaver gestures at you while chanting.
The bolt of poison hits your fire vortex.
Your fire vortex completely resists.
The bolt of poison hits you!
You are lethally poisoned!
You die... ...D . .. .pc

..#D ..CD # #.. ..c.
#....####################
#.......@.)...°o.........
#§☼☼☼○☼☼...p°°.(.........
#§v§v☼☼☼....○○○.....Q....
#§☼☼○v☼○............p....
#vv☼Q####################
#☼§○☼ #v☼# #○○ #


You could see a vault warden, a tengu reaver, an orc sorcerer and 6 friendly
fire vortices.

Vanquished Creatures
  Bai Suzhen (Shoals:3)
  Vashnia (Snake:4)
  Nikola (Shoals:3)
  A quicksilver dragon (Vaults:5)
  A tentacled monstrosity (Vaults:5)
  4 deep elf blademasters
  3 deep elf master archers (Elf:3)
  Polyphemus (Shoals:3)
  Agnes (Elf:2)
  5 sphinxes
  A tengu reaver (Vaults:5)
  7 nagarajas (Snake:4)
  A fire giant (Vaults:4)
  A frost giant (Vaults:3)
  6 vault wardens
  10 deep elf sorcerers
  Aizul (Snake:2)
  12 ironheart preservers
  4 deep elf elementalists (Elf:3)
  4 very ugly things (Vaults:3)
  A war gargoyle (Vaults:1)
  A vampire knight (Vaults:2)
  2 deep elf demonologists
  Snorg (Lair:6)
  6 deep elf annihilators
  10 merfolk javelineers
  A dire elephant (Lair:6)
  2 ettins
  3 deep elf high priests (Elf:3)
  4 deep elf death magi
  5 yaktaur captains
  8 merfolk impalers
  A great orb of eyes (shapeshifter) (Elf:2)
  5 great orbs of eyes
  A fire dragon (Vaults:3)
  A rakshasa (Vaults:3)
  11 naga warriors
  4 hydras
  31 vault guards
  An ice dragon (Vaults:1)
  13 anacondas
  4 merfolk avatars
  11 centaur warriors
  2 satyrs (Shoals:4)
  5 merfolk aquamancers
  2 alligator snapping turtles (Shoals:4)
  2 catoblepae
  47 two-headed ogres
  2 alligators (Snake:1)
  23 dancing weapons
  A deep troll shaman (D:13)
  16 ogre magi
  3 death knights
  A deep troll earth mage (Vaults:3)
  7 death yaks
  7 shock serpents
  15 naga sharpshooters
  2 orc high priests
  A hell knight (D:13)
  17 deep elf knights
  A skeletal warrior (Vaults:4)
  2 unseen horrors (D:12)
  A deep troll (shapeshifter) (D:14)
  3 salamander mystics
  7 deep trolls
  13 sea snakes
  2 glowing orange brains (Vaults:1)
  24 deep elf archers
  10 naga ritualists
  12 ironbrand convokers
  3 wizards
  13 orc knights
  Pikel (D:7)
  6 harpies
  57 deep elf magi
  A kraken simulacrum (Shoals:4)
  An oklob plant (Orc:1)
  3 wolf spiders
  3 orc sorcerers
  An orb spider (shapeshifter) (D:15)
  A shadow dragon zombie (Vaults:4)
  A necromancer (Vaults:4)
  9 ugly things
  10 mana vipers
  13 cyclopes
  A fire giant zombie (Vaults:4)
  9 fauns
  13 manticores
  2 shining eyes (shapeshifter)
  A human skeleton (Vaults:4)
  2 centaur zombies (D:14)
  7 salamanders
  19 merfolk sirens
  Joseph (D:10)
  6 vault sentinels
  10 guardian serpents
  A guardian serpent (shapeshifter) (Vaults:4)
  9 elephants
  31 black mambas
  2 ice statues (IceCv)
  19 naga magi
  A black mamba (shapeshifter) (D:14)
  8 water nymphs
  13 spiny frogs
  6 rime drakes
  A spiny frog (shapeshifter) (Vaults:4)
  47 yaktaurs
  A yaktaur zombie (Vaults:4)
  2 kobold demonologists
  9 ice devils (IceCv)
  11 komodo dragons
  An entropy weaver simulacrum (Vaults:1)
  5 freezing wraiths
  4 trolls
  A harpy zombie (D:13)
  A jumping spider (shapeshifter) (Vaults:4)
  19 merfolk
  2 polar bears (shapeshifter)
  4 polar bears
  A hornet (shapeshifter) (Vaults:2)
  6 wind drakes
  5 hornets
  A sphinx simulacrum (Vaults:3)
  2 saltlings (Vaults:2)
  21 blink frogs
  14 slime creatures
  10 snapping turtles
  17 dream sheep
  A dream sheep (shapeshifter) (Vaults:2)
  13 hippogriffs
  An air elemental (Elf:1)
  2 shadows (D:13)
  9 water elementals
  26 yaks
  12 spriggans (Lair:3)
  3 wyverns (Lair:6)
  4 wraiths
  A vampire (D:11)
  2 humans (shapeshifter)
  2 fire elementals (Elf:2)
  A hog (shapeshifter) (Vaults:2)
  A yak (shapeshifter) (Vaults:2)
  3 basilisks
  3 hungry ghosts
  Eustachio (D:5)
  17 vampire mosquitoes
  Grum (D:9)
  Menkaure (D:5)
  3 wargs
  6 swamp worms (Snake:1)
  70 nagas
  2 acid dragons
  15 water moccasins
  10 porcupines
  Duvessa (D:4)
  5 ice beasts
  37 orc warriors
  A black bear (shapeshifter) (Vaults:2)
  A sky beast (shapeshifter) (Vaults:2)
  2 slaves (D:7)
  A phantom (D:6)
  3 sky beasts
  A black bear (D:11)
  56 ogres
  7 wolves
  14 boggarts
  14 centaurs
  16 bullfrogs
  6 big kobolds
  11 crocodiles
  2 gnoll sergeants
  A wyvern zombie (D:7)
  An earth elemental (Elf:3)
  Dowan (D:4)
  A wyvern skeleton (D:13)
  5 scorpions
  A water moccasin skeleton (D:6)
  A hornet simulacrum (D:14)
  2 human simulacra
  2 electric eels (D:10)
  18 wights
  7 howler monkeys
  A bullfrog zombie (D:13)
  9 crimson imps
  5 jellies
  21 orc wizards
  A quasit (D:10)
  4 centaur skeletons
  9 hounds
  14 orc priests
  Jessica (D:2)
  8 bullfrog skeletons
  Ijyb (D:4)
  Natasha (thrice) (D:3)
  4 iguanas
  6 worker ants
  A hound skeleton (D:7)
  A worker ant zombie (D:7)
  6 gnolls
  11 adders
  4 shadow imps
  4 white imps (IceCv)
  7 ufetubi (IceCv)
  2 adder skeletons
  3 worms
  A worm (shapeshifter) (D:15)
  4 dart slugs
  4 leopard geckos
  110 orcs
  9 bats
  5 giant cockroaches
  5 goblins
  11 hobgoblins
  2 jackals (D:5)
  7 quokkas
  A ball python skeleton (D:4)
  6 frilled lizards
  36 kobolds
  A leopard gecko skeleton (D:8)
  2 quokka skeletons
  A quokka zombie (D:9)
  7 rats
  2 rat zombies (D:6)
  3 fire vortices
  8 plants
1669 creatures vanquished.

Vanquished Creatures (collateral kills)
  A tentacled monstrosity (Vaults:4)
  A deep elf master archer (Elf:3)
  Donald (Orc:2)
  A vault warden (Vaults:4)
  A very ugly thing (Vaults:3)
  An ironheart preserver (Vaults:4)
  A deep elf demonologist (Vaults:4)
  A deep elf annihilator (Vaults:5)
  A yaktaur captain (Vaults:3)
  A vault guard (Vaults:4)
  A phantasmal warrior (Vaults:4)
  An ugly thing (Vaults:4)
  An orc warrior (Vaults:5)
  An orc wizard (Vaults:5)
  An orc (Vaults:3)
15 creatures vanquished.

Vanquished Creatures (others)
  A reaper (IceCv)
  An orc warrior (Elf:3)
  6 white imps (IceCv)
  5 ufetubi (IceCv)
  60 fire vortices
  15 fungi
  21 plants
109 creatures vanquished.

Grand Total: 1793 creatures vanquished

Notes
Turn   | Place    | Note
-------+----------+-------------------------------------------
     0 | D:1      | Heliosone the Tengu Fire Elementalist began the quest for
                  | the Orb.
     0 | D:1      | Reached XP level 1. HP: 10/10 MP: 4/4
   281 | D:1      | Reached XP level 2. HP: 15/15 MP: 4/6
   368 | D:1      | Learned a level 2 spell: Throw Flame
  1279 | D:1      | Reached XP level 3. HP: 19/19 MP: 4/7
  1383 | D:1      | Learned a level 3 spell: Conjure Flame
  1812 | D:2      | Noticed Jessica
  1821 | D:2      | Killed Jessica
  1821 | D:2      | Reached skill level 5 in Conjurations
  1821 | D:2      | Reached XP level 4. HP: 9/24 MP: 0/8
  2494 | D:2      | Found an ornate altar of the Wu Jian Council.
  3398 | D:3      | Gained mutation: You can fly continuously. [Tengu growth]
  3398 | D:3      | Reached XP level 5. HP: 28/28 MP: 1/9
  4449 | D:3      | Noticed Natasha
  4455 | D:3      | Killed Natasha
  4767 | D:3      | Noticed Natasha
  4774 | D:3      | Killed Natasha
  5190 | D:3      | Noticed Natasha
  5201 | D:3      | Killed Natasha
  5201 | D:3      | Reached XP level 6. HP: 29/32 MP: 7/10
  5235 | D:3      | Found a glowing golden altar of the Shining One.
  6283 | D:4      | Noticed Dowan
  6370 | D:4      | Found Uffy's Armour Boutique.
  6379 | D:4      | Noticed Ijyb
  6382 | D:4      | Paralysed by Ijyb for 4 turns
  6387 | D:4      | Killed Ijyb
  6508 | D:4      | Learned a level 4 spell: Sticky Flame
  6579 | D:4      | Got a dull robe
  6590 | D:4      | Identified the +1 robe "Zeocke Lue" {*Drain rPois Dex+5
                  | SInv} (You found it on level 4 of the Dungeon)
  6725 | D:4      | Found a hazy altar of Hepliaklqana.
  6743 | D:4      | Noticed Duvessa
  6761 | D:4      | Killed Duvessa
  6761 | D:4      | Reached XP level 7. HP: 37/37 MP: 2/13
  6867 | D:4      | Killed Dowan
  7346 | D:5      | Entered Level 5 of the Dungeon
  7347 | D:5      | Noticed Menkaure
  7353 | D:5      | Killed Menkaure
  7353 | D:5      | Reached skill level 1 in Fighting
  7619 | D:5      | Reached XP level 8. HP: 45/45 MP: 10/15
  7709 | D:5      | Reached skill level 5 in Fire Magic
  7966 | D:5      | Found Gyinang's Antique Armour Shop.
  8066 | D:5      | Noticed Eustachio
  8098 | D:5      | Killed Eustachio
  8504 | D:6      | Found Cacoube's Antique Armour Shoppe.
  8606 | D:6      | Reached skill level 5 in Spellcasting
  8870 | D:6      | Reached skill level 5 in Fighting
  9270 | D:6      | Reached XP level 9. HP: 30/54 MP: 13/18
  9578 | D:6      | Found a basalt altar of Yredelemnul.
  9855 | D:6      | Found an ancient bone altar of Kikubaaqudgha.
 10305 | D:7      | Found a staircase to the Ecumenical Temple.
 10315 | Temple   | Entered the Ecumenical Temple
 10464 | Temple   | Became a worshipper of Vehumet
 11270 | D:7      | Reached skill level 5 in Dodging
 11485 | D:7      | Noticed Pikel
 11496 | D:7      | Killed Pikel
 11695 | D:7      | Reached XP level 10. HP: 55/64 MP: 6/19
 12075 | D:8      | Reached * piety under Vehumet
 12075 | D:8      | Offered knowledge of Shock by Vehumet.
 12477 | D:8      | Got a translucent rapier
 12478 | D:8      | Identified the +4 rapier of the Eternal Void {pierce, +Inv
                  | Dex+5} (You found it on level 8 of the Dungeon)
 12493 | D:8      | Found a transporter.
 12496 | D:8      | Noticed Peloso's ghost (novice MiFi)
 12502 | D:8      | Noticed a two-headed ogre
 12996 | D:8      | Noticed a two-headed ogre
 13005 | D:8      | Killed a two-headed ogre
 13710 | D:9      | Noticed Grum
 13748 | D:9      | Killed Grum
 13748 | D:9      | Offered knowledge of Searing Ray by Vehumet.
 13752 | D:9      | Reached ** piety under Vehumet
 14358 | D:9      | Found a snail-covered altar of Cheibriados.
 14667 | D:10     | Entered Level 10 of the Dungeon
 14683 | D:10     | Reached skill level 10 in Fighting
 15012 | D:10     | Reached XP level 11. HP: 54/72 MP: 20/20
 15122 | D:10     | Reached skill level 10 in Dodging
 15444 | D:10     | Offered knowledge of Stone Arrow by Vehumet.
 15466 | D:10     | Noticed Joseph
 15975 | D:10     | Found a staircase to the Lair.
 16004 | D:10     | Reached *** piety under Vehumet
 16760 | D:10     | Found a portal to a secret trove of treasure.
 17118 | Lair:1   | Entered Level 1 of the Lair of Beasts
 17580 | Lair:1   | Learned a level 5 spell: Fireball
 17840 | Lair:1   | You are sucked into a shaft and drop 1 floor!
 17871 | Lair:2   | Found the +8 glaive of the Guard {elec, +Rage AC+5 SInv}
 19359 | Lair:1   | Offered knowledge of Airstrike by Vehumet.
 19728 | Lair:2   | Reached skill level 10 in Conjurations
 20128 | Lair:2   | Found a staircase to the Shoals.
 20161 | Lair:2   | Reached XP level 12. HP: 36/77 MP: 2/24
 20822 | Lair:3   | Reached skill level 1 in Shields
 20919 | Lair:3   | Reached skill level 1 in Armour
 21293 | Lair:3   | Noticed a five-headed hydra
 21520 | Lair:3   | Noticed a spriggan rider
 22114 | Lair:3   | Noticed a spriggan rider
 22483 | Lair:3   | Noticed a spriggan rider
 23985 | Lair:4   | Reached skill level 5 in Armour
 24691 | Lair:4   | Reached **** piety under Vehumet
 25075 | Lair:4   | Found a staircase to the Snake Pit.
 25572 | Lair:5   | Found a viscous altar of Jiyva.
 25573 | Lair:5   | Found a staircase to the Slime Pits.
 25821 | Lair:5   | Reached XP level 13. HP: 66/82 MP: 17/26
 25932 | Lair:5   | Offered knowledge of Ignite Poison by Vehumet.
 26565 | Lair:5   | Found a sparkling altar of Nemelex Xobeh.
 26887 | Lair:6   | Entered Level 6 of the Lair of Beasts
 27039 | Lair:6   | Found a transporter.
 27508 | Lair:6   | Noticed kalodont's ghost (journeyman KoEn)
 28116 | Lair:6   | Reached skill level 10 in Fire Magic
 28173 | Lair:6   | Noticed a dire elephant
 28199 | Lair:6   | Reached ***** piety under Vehumet
 28199 | Lair:6   | Offered knowledge of Spellforged Servitor by Vehumet.
 28589 | Lair:5   | Learned a level 7 spell: Spellforged Servitor
 28825 | Lair:5   | Reached skill level 1 in Summonings
 29389 | Lair:6   | Found a transporter.
 30059 | Lair:6   | Reached XP level 14. HP: 88/88 MP: 9/27
 30477 | Lair:6   | Reached skill level 15 in Conjurations
 31108 | Lair:6   | Noticed Snorg
 31134 | Lair:6   | Killed Snorg
 31134 | Lair:6   | Reached skill level 10 in Armour
 31538 | Lair:6   | Killed a dire elephant
 32356 | D:10     | Killed Joseph
 32857 | D:11     | Found Riapikkaw's Weapon Shop.
 33107 | D:11     | Got a warped robe
 34193 | D:12     | Offered knowledge of Irradiate by Vehumet.
 34917 | D:12     | Got a brightly glowing flail
 34918 | D:12     | Identified the cursed +0 flail of the Vulture {crush, rC++
                  | Str+2} (You found it on level 12 of the Dungeon)
 35110 | D:12     | Found a corrupted altar of Lugonu.
 35114 | D:12     | Identified Lugonu's Reference Book on Battle Magic
 35139 | D:12     | Found a staircase to the Orcish Mines.
 35454 | Orc:1    | Entered Level 1 of the Orcish Mines
 35701 | Orc:1    | Found Ireareva's Magic Scroll Shoppe.
 35736 | Orc:1    | Found a frozen archway.
 35747 | IceCv    | Entered an ice cave
 36857 | IceCv    | Killed a reaper
 37004 | IceCv    | Got a blackened demon trident
 37028 | IceCv    | Identified the +2 robe "Yninloih" {rPois} (You found it on
                  | level 11 of the Dungeon)
 37029 | IceCv    | Identified the +4 demon trident "Wunel" {pain, +Fly Str+5
                  | Int+4} (You found it in an ice cave)
 37359 | Orc:1    | Reached XP level 15. HP: 66/95 MP: 15/28
 37889 | Orc:2    | Entered Level 2 of the Orcish Mines
 38820 | Orc:2    | Paralysed by an ogre mage for 4 turns
 39354 | Orc:2    | Found a staircase to the Elven Halls.
 39359 | Orc:2    | Offered knowledge of Bolt of Fire by Vehumet.
 39523 | Orc:1    | Learned a level 6 spell: Bolt of Fire
 39913 | Orc:2    | Found Xuobekuc's General Store.
 40010 | Orc:2    | Found Lettul's Antique Weapon Shoppe.
 40010 | Orc:2    | Found Nateg's Magic Scroll Boutique.
 40010 | Orc:2    | Found Qaec's Assorted Antiques.
 40010 | Orc:2    | Found Zory's Food Emporium.
 40248 | Orc:2    | Found Uskifat's Jewellery Shoppe.
 40784 | Orc:2    | Bought a scroll of identify for 24 gold pieces
 40784 | Orc:2    | Bought a scroll of identify for 24 gold pieces
 40784 | Orc:2    | Bought a scroll of identify for 24 gold pieces
 40784 | Orc:2    | Bought a scroll of blinking for 90 gold pieces
 40827 | Orc:1    | Bought a scroll of blinking for 120 gold pieces
 40827 | Orc:1    | Bought a scroll of identify for 32 gold pieces
 40827 | Orc:1    | Bought a scroll of identify for 32 gold pieces
 40827 | Orc:1    | Bought a scroll of identify for 32 gold pieces
 40827 | Orc:1    | Bought a scroll of identify for 32 gold pieces
 40829 | Orc:1    | Identified a scroll of acquirement
 40840 | Orc:1    | Learned a level 7 spell: Orb of Destruction
 41667 | D:13     | Found a gate to the Vaults.
 43206 | D:13     | Offered knowledge of Bolt of Draining by Vehumet.
 43588 | D:6      | Bought a warped ring mail for 243 gold pieces
 43598 | D:6      | Identified the +1 ring mail "Virphikhlu" {Str+2 Int+2} (You
                  | bought it in a shop on level 6 of the Dungeon)
 43800 | D:14     | Got a heavily runed glass ring
 44209 | D:14     | Identified the ring "Fis Ihenoypp" {rPois Slay+2 SInv} (You
                  | found it on level 14 of the Dungeon)
 44745 | D:14     | Reached XP level 16. HP: 69/104 MP: 29/29
 45473 | D:15     | Entered Level 15 of the Dungeon
 46382 | D:15     | Found a staircase to the Depths.
 46638 | D:15     | Offered knowledge of Freezing Cloud by Vehumet.
 47714 | Orc:2    | Bought 2 scrolls of teleportation for 72 gold pieces
 47714 | Orc:2    | Bought a scroll of acquirement for 624 gold pieces
 47714 | Orc:2    | Identified the Almanac of Battle Magic (You acquired it on
                  | level 2 of the Orcish Mines)
 47754 | Orc:2    | Bought the amulet of Nobility {Acrobat rF- MR++ Dex+3
                  | Stlth+} for 617 gold pieces
 48040 | Elf:1    | Entered Level 1 of the Elven Halls
 48040 | Elf:1    | Noticed Donald
 48619 | Orc:2    | Killed Donald
 48726 | Elf:1    | Found Udycs's Antique Armour Shop.
 49793 | Elf:1    | Reached skill level 15 in Dodging
 50783 | Elf:2    | Reached skill level 15 in Fighting
 51045 | Elf:2    | Found Rorr's Armour Emporium.
 51083 | Elf:2    | Found a radiant altar of Vehumet.
 51690 | Elf:2    | Noticed Agnes
 51699 | Elf:2    | Killed Agnes
 51699 | Elf:2    | Reached XP level 17. HP: 85/113 MP: 15/30
 52176 | Elf:2    | Found a huge runed translucent gate.
 52176 | Elf:2    | Found a huge runed translucent gate.
 52176 | Elf:2    | Found a huge runed translucent gate.
 52176 | Elf:2    | Found a huge runed translucent gate.
 52176 | Elf:2    | Found a huge runed translucent gate.
 52729 | Elf:2    | Noticed a deep elf blademaster
 52748 | Elf:2    | Killed a deep elf blademaster
 54165 | Elf:3    | Entered Level 3 of the Elven Halls
 55635 | Elf:3    | Noticed a deep elf master archer
 55647 | Elf:3    | HP: 1/113 [deep elf master archer/arrow (9)]
 56484 | Elf:3    | Killed a deep elf master archer
 56775 | Elf:3    | Noticed a deep elf blademaster
 56785 | Elf:3    | Killed a deep elf blademaster
 57068 | Elf:3    | Noticed a deep elf master archer
 57072 | Elf:3    | Killed a deep elf master archer
 57126 | Elf:3    | Reached XP level 18. HP: 119/119 MP: 16/31
 57129 | Elf:3    | Noticed a deep elf blademaster
 57809 | Elf:3    | Reached skill level 15 in Fire Magic
 57833 | Elf:3    | Identified the +9 falchion of Desertification {vamp, Int+2}
 57923 | Elf:3    | Identified the ring of Ynlut {*Contam rC+ rN+ SInv}
 58112 | Elf:3    | Noticed a deep elf master archer
 58117 | Elf:3    | Killed a deep elf master archer
 58341 | Elf:3    | Killed a deep elf blademaster
 58510 | Elf:3    | Noticed a deep elf blademaster
 58550 | Elf:3    | Killed a deep elf blademaster
 59228 | Elf:3    | Noticed a deep elf master archer
 59246 | Elf:3    | Killed a deep elf master archer
 59552 | Elf:3    | Identified the Papyrus of the Assistive Rocks
 59663 | Elf:3    | Identified Vinallow's Further Steps in Spellweaving
 60326 | Shoals:1 | Entered Level 1 of the Shoals
 60698 | Snake:1  | Entered Level 1 of the Snake Pit
 61183 | Snake:1  | Found Culeac's Jewellery Shop.
 61183 | Snake:1  | Found Xytwud's Gadget Emporium.
 61184 | Snake:1  | Found Foger's Gadget Emporium.
 61917 | Snake:1  | Found Fose's Armour Emporium.
 62197 | Snake:1  | Reached skill level 10 in Spellcasting
 62308 | Snake:2  | Got a sparkling sapphire amulet
 62309 | Snake:2  | Identified the amulet "Gauzas" {rF+ Regen+ Str+4} (You
                  | found it on level 2 of the Snake Pit)
 62554 | Snake:2  | Found Raicoukh's Book Emporium.
 62902 | Snake:2  | Noticed Aizul
 62909 | Snake:2  | Killed Aizul
 63395 | Snake:2  | Learned a level 2 spell: Swiftness
 63476 | Snake:2  | Found Pab Acuc's Assorted Antiques.
 64011 | Orc:2    | Bought a ration for 50 gold pieces
 64011 | Orc:2    | Bought a ration for 50 gold pieces
 64011 | Orc:2    | Bought a ration for 50 gold pieces
 64011 | Orc:2    | Bought a ration for 50 gold pieces
 64011 | Orc:2    | Bought a ration for 50 gold pieces
 64011 | Orc:2    | Bought a ration for 50 gold pieces
 64011 | Orc:2    | Bought a ration for 50 gold pieces
 64011 | Orc:2    | Bought a ration for 50 gold pieces
 64011 | Orc:2    | Bought a ration for 50 gold pieces
 64011 | Orc:2    | Bought a ration for 50 gold pieces
 64011 | Orc:2    | Bought a ration for 50 gold pieces
 64011 | Orc:2    | Bought a ration for 50 gold pieces
 64802 | Shoals:1 | Offered knowledge of Conjure Ball Lightning by Vehumet.
 65093 | Shoals:1 | Reached XP level 19. HP: 124/124 MP: 35/35
 67510 | Shoals:3 | Noticed Nikola
 67590 | Shoals:3 | Killed Nikola
 67682 | Shoals:3 | Noticed Bai Suzhen
 67769 | Shoals:3 | Killed Bai Suzhen
 68411 | Shoals:3 | Noticed Polyphemus
 68418 | Shoals:3 | Killed Polyphemus
 69155 | Shoals:4 | Entered Level 4 of the Shoals
 69282 | Shoals:4 | Offered knowledge of Poison Arrow by Vehumet.
 70954 | Shoals:4 | Got a barnacled rune of Zot
 71411 | Shoals:4 | Reached XP level 20. HP: 129/129 MP: 39/39
 72422 | Vaults:1 | Entered Level 1 of the Vaults
 72878 | Vaults:1 | Reached skill level 15 in Spellcasting
 73050 | D:13     | Reached ****** piety under Vehumet
 77175 | Vaults:2 | Offered knowledge of Lehudib's Crystal Spear by Vehumet.
 77175 | Vaults:2 | Offered knowledge of Glaciate by Vehumet.
 77175 | Vaults:2 | Offered knowledge of Chain Lightning by Vehumet.
 77534 | Vaults:2 | Found a staircase to the Crypt.
 78377 | Snake:2  | Bought a book of Annihilations for 1324 gold pieces
 78387 | Snake:2  | Learned a level 9 spell: Fire Storm
 78548 | Snake:3  | Reached XP level 21. HP: 134/134 MP: 41/41
 79390 | Snake:4  | Entered Level 4 of the Snake Pit
 80935 | Snake:4  | Noticed Vashnia
 81624 | Snake:4  | Killed Vashnia
 83829 | Snake:4  | Got a serpentine rune of Zot
 84629 | Vaults:3 | Reached skill level 5 in Shields
 85430 | Vaults:3 | Reached XP level 22. HP: 140/140 MP: 40/42
 86682 | Vaults:3 | Reached skill level 10 in Shields
 89060 | Vaults:4 | Found Jucsouzi's Jewellery Shoppe.
 89849 | Vaults:5 | Entered Level 5 of the Vaults
 90201 | Vaults:4 | Learned a level 2 spell: Blink
 90208 | Vaults:4 | Reached XP level 23. HP: 80/144 MP: 42/43
 90464 | Vaults:5 | Killed from afar by a tengu reaver

Levels and vault maps discovered:
D:1:      minmay_arrival_widening_spiral_narrow, layout_basic
D:2:      layout_loops_cross, marbit_many_paths, grunt_ministairs_14,
          uniq_jessica
D:3:      layout_basic, lemuel_round_altar, uniq_natasha
D:4:      layout_loops_cross, nicolae_overflow_hidden_temple, serial_shops,
          nicolae_shop_window_shopping, first_ration, uniq_duvessa, uniq_ijyb
D:5:      layout_rooms, serial_shops, nicolae_shop_trees,
          minmay_manual_monstrance, uniq_eustachio, uniq_menkaure
D:6:      layout_loops_ring, kennysheep_little_box,
          lemuel_zombie_altar_kikubaaqudgha, serial_shops, nicolae_shop_trees
D:7:      layout_basic, lemuel_temple_firewalk_b, grunt_ogre_cave, uniq_pikel
D:8:      layout_basic, gammafunk_ghost_smash, kennysheep_pointless_box
D:9:      layout_cave_pods, old_standard_altar, uniq_grum
D:10:     layout_loops_ring, erik_lair_island, enter_trove_0,
          kennysheep_generic_room_7, uniq_joseph
D:11:     layout_irregular_city, serial_shops, shop, serial_column_ruins,
          column_ruins_open_tiny, column_ruins_open_tiny,
          column_ruins_corridor_T, column_ruins_grid_1, column_ruins_grid_3,
          column_ruins_columns_dead_end, column_ruins_open_tiny,
          corexii_leaking_fountain
D:12:     layout_stronghold, orc_0_dummy, tgw_lugonu_bribe
D:13:     layout_loops_corners, skrybe_vaults_entry_preservation,
          ebering_dispersal_statue_hall, minmay_evil_grid
D:14:     layout_roguey, serial_park_square3 [serial_park_minivault_5x5_6]
D:15:     gammafunk_enter_depths_forms, layout_basic, corexii_corridor_pit
Temple:   eino_temple_scatter_basement
Lair:1:   layout_roguey
Lair:2:   layout_loops_ring, elwin_shoals_entry_stream
Lair:3:   kb_forest_paths, layout_chaotic_city, grunt_megastairs_4,
          lemuel_fruit_tree, serial_bayou_shore_b
Lair:4:   layout_gridlike, minmay_snake_entry_guardpost_medium,
          kennysheep_catoblepas_arena, minmay_lair_oklob_chamber
Lair:5:   layout_small_grid, slime_altar_1, lemuel_oklob_altar
Lair:6:   gammafunk_lair_ancient_temple, layout_big_grid,
          gammafunk_ghost_berserking_beasts, uniq_snorg
Shoals:1: layout_shoals
Shoals:2: layout_shoals
Shoals:3: layout_shoals, nicolae_shoals_mertower, uniq_nikola, uniq_bai_suzhen,
          uniq_polyphemus
Shoals:4: shoals_end_grunt_ice, layout_shoals, shoals_ilsuiw_alternative
Snake:1:  onia_ninara_swampy_vault, layout_misc_corridors, serial_shops,
          nicolae_shop_trees, st_stairs_10, nicolae_snake_squiggles,
          minmay_shop_grove
Snake:2:  layout_misc_corridors, serial_shops, nicolae_shop_stone,
          nicolae_shop_overgrown_old_shop, uniq_aizul
Snake:3:  layout_grid_shapes, hangedman_snake_thin_pillar_pass,
          nrook_guardian_serpent_ordinary, serial_bayou_shore_a
Snake:4:  johnstein_snake_rune_scales, layout_misc_corridors, st_stairs_6
Orc:1:    layout_caves, serial_shops, nicolae_shop_stone, portal_ice_cave_rime,
          mines3_lemuel
Orc:2:    st_orc_ogre_mass, layout_caves, serial_shops, nicolae_shop_waterfront,
          shop, mines4_lemuel
Elf:1:    layout_loops_cross, serial_shops, nicolae_shop_trees,
          hangedman_elf_disciples, uniq_donald
Elf:2:    layout_onion_city, basic_altar, serial_shops, shop, uniq_agnes
Elf:3:    minmay_elf_hall_furrowed, layout_geoelf_octagon
Vaults:1: vaults_room_glass_cross, nicolae_vaults_theta, vaults_room_corners,
          nicolae_vaults_little_squares_6, hangedman_vaults_trim,
          vaults_standard_mumra_enter_the_diamond,
          vaults_standard_mumra_enter_the_diamond, ontoclasm_vaults_eye,
          v_rooms_4, nicolae_vaults_shelves_hall, layout_vaults_big_cross
Vaults:2: nicolae_vaults_ninety_degrees, v_misc_23, nicolae_vaults_minivaults,
          v_misc_26, minmay_crypt_entry_simple_box,
          nicolae_vaults_mini_display_case, layout_vaults_omnigrid,
          portal_desolation_entry_salt
Vaults:3: v_misc_1, hangedman_vaults_pinch, hangedman_vaults_stream,
          hangedman_vaults_cutoff, vaults_mumra_chevron, v_rooms_6,
          nicolae_vaults_yaktaur_gun_rack, v_misc_23,
          nicolae_vaults_circle_grid_b, hangedman_vaults_impose,
          nicolae_vaults_ring_of_whatevers, nicolae_vaults_gold_heap,
          vaults_room_guarded_vault, nicolae_vaults_rhombus_5,
          layout_vaults_ring
Vaults:4: vaults_dpeg_diagonal, v_misc_24, nicolae_vaults_little_squares_2,
          hangedman_vaults_nails, nicolae_vaults_little_squares_4, v_rooms_5,
          vaults_standard_mumra_x, v_misc_19, v_misc_28,
          nicolae_vaults_rhombus_5, nicolae_vaults_lopsided_apartments,
          v_alt_pattern_1, layout_vaults_omnibox, serial_shops,
          nicolae_shop_behind_doors
Vaults:5: uniq_margery

Skill      XL: |  1  2  3  4  5  6  7  8  9 10 11 12 13 14 15 16 17 18 19 20 21 22 23 |
---------------+----------------------------------------------------------------------+-----
Conjurations   | 2 3 5 6 7 8 10 12 14 16 19 21 | 21.1
Spellcasting   | 3 4 5 7 8 11 14 15 | 15.0
Fighting       | 2 5 7 10 11 13 15 | 15.0
Fire Magic     | 4 5 8 10 12 14 15 16 19 21 | 21.2
Dodging        | 6 9 10 11 13 15 | 15.1
Shields        | 4 7 13 14 | 14.0
Armour         | 6 9 10 14 | 14.6
Summonings     | 1 |  1.7
Stealth        | |  2.0

Action                   |  1- 3 |  4- 6 |  7- 9 | 10-12 | 13-15 | 16-18 | 19-21 | 22-24 || total
-------------------------+-------+-------+-------+-------+-------+-------+-------+-------++-------
Melee: Club              |     5 |    46 |       |       |       |       |       |       ||    51
       Peck              |     1 |     6 |    31 |    83 |    75 |     5 |     4 |       ||   205
       Kick              |       |    10 |    51 |   116 |   120 |     8 |     2 |       ||   307
       Dagger            |       |       |   130 |     7 |       |       |       |       ||   137
       Rapier            |       |       |       |   361 |   159 |       |       |       ||   520
       Flail             |       |       |       |       |    70 |       |       |       ||    70
       Demon trident     |       |       |       |       |    89 |       |       |       ||    89
       Staff             |       |       |       |       |     1 |    34 |    13 |       ||    48
Throw: Dart              |       |    17 |       |       |     1 |     6 |     1 |       ||    25
 Cast: Flame Tongue      |    45 |    84 |   120 |   205 |    83 |     4 |       |       ||   541
       Throw Flame       |     7 |    39 |    64 |   158 |   223 |    43 |    10 |       ||   544
       Sticky Flame      |       |     2 |     9 |    53 |   191 |    53 |    69 |     4 ||   381
       Conjure Flame     |       |     1 |     6 |    16 |     5 |       |       |       ||    28
       Fireball          |       |       |       |     9 |   117 |   112 |   619 |    58 ||   915
       Bolt of Fire      |       |       |       |       |    22 |   174 |    62 |    40 ||   298
       Orb of Destructio |       |       |       |       |    14 |   170 |    85 |    47 ||   316
       Fire Storm        |       |       |       |       |       |       |     3 |    37 ||    40
       Swiftness         |       |       |       |       |       |       |     1 |     2 ||     3
       Blink             |       |       |       |       |       |       |       |     4 ||     4
 Abil: Fly               |       |       |     1 |       |       |       |       |       ||     1
       Stop Flying       |       |       |       |       |       |       |     1 |       ||     1
Evoke: Wand              |       |       |       |       |       |       |     2 |       ||     2
  Use: Scroll            |       |       |     2 |     8 |    17 |    22 |     7 |     3 ||    59
       Potion            |       |       |       |     1 |       |     2 |       |     3 ||     6
 Stab: Sleeping          |       |       |     4 |     1 |     1 |       |       |       ||     6
       Distracted        |       |       |     1 |     1 |       |       |       |       ||     2
  Eat: Chunk             |     3 |    14 |     7 |    58 |   108 |    92 |   138 |    64 ||   484
       Ration            |       |     2 |     3 |     1 |       |    45 |     6 |       ||    57
Armor: Robe              |     6 |    15 |    25 |    23 |    38 |       |       |       ||   107
       Ring mail         |       |       |       |       |     7 |     1 |       |       ||     8
       Acid dragon scale |       |       |       |       |       |    12 |       |       ||    12
       Troll leather arm |       |       |       |       |       |     8 |    62 |     9 ||    79
Dodge: Dodged            |    11 |    56 |   103 |   478 |   632 |   287 |   328 |    53 ||  1948
Block: Other             |       |     1 |     8 |    18 |       |       |       |       ||    27
       Buckler           |       |       |       |    42 |   185 |    56 |    68 |    19 ||   370
